 Seeded DCSS version 0.28-a0-983-g1de4e0787c (webtiles) character file.

Game seed: 12130800008223909736 (custom seed)

1038 croobank the Chopper (level 8, -1/54 HPs)
             Began as an Octopode Monk on Dec 2, 2021.
             Was a Believer of Vehumet.
             Slain by an orc wizard (3 damage)
             ... on level 6 of the Dungeon.
             The game lasted 00:45:16 (4695 turns).

croobank the Chopper (Octopode Monk)                Turns: 4695, Time: 00:45:16

Health: -1/54      AC:  1    Str: 18    XL:     8   Next: 24%
Magic:  15/15      EV: 14    Int: 13    God:    Vehumet [**....]
Gold:   13         SH:  0    Dex: 14    Spells: 14/17 levels left

rFire   + . .      SeeInvis .   a - +0 war axe
rCold   . . .      Faith    .   (no shield)
rNeg    . . .      Spirit   .   (helmet restricted)
rPois   .          Reflect  .   c - amulet of regeneration
rElec   +          Harm     .   h - ring of fire
rCorr   .          Rampage  .   x - ring of Leaves {rElec rC+ Str+6}
Will    .....                   (no ring)
Stlth   ++++......              (no ring)
HPRegen 0.98/turn               (no ring)
MPRegen 0.14/turn               (no ring)
                                (no ring)
                                (no ring)

@: about to teleport
A: almost no armour, amphibious, 8 rings, camouflage 1, gelatinous body 1,
(nimble swimmer 1), tentacles
a: Renounce Religion


You were on level 6 of the Dungeon.
You worshipped Vehumet.
Vehumet was pleased with you.
You visited 2 branches of the dungeon, and saw 7 of its levels.

You collected 356 gold pieces.
You spent 343 gold pieces at shops.

Inventory:

Hand Weapons
 a - a +0 war axe (weapon)
 b - a +1 vorpal hunting sling
 d - a +1 scythe of protection
 i - a +0 long sword
 l - a +1 short sword of speed
 o - a +0 hand axe
 r - a +0 short sword
Missiles
 g - 97 arrows
 j - 55 stones (quivered)
 m - 9 poisoned darts
 q - 25 sling bullets
 u - a boomerang
 w - 5 curare-tipped darts
 z - 16 bolts
 A - 2 atropa-tipped darts
Armour
 p - a +2 buckler of protection
Magical Staves
 n - a staff of cold
Jewellery
 c - an amulet of regeneration (around mantle)
 h - a ring of fire (left tentacle)
 x - the ring of Leaves (right tentacle) {rElec rC+ Str+6}
   (You acquired it on level 4 of the Dungeon)

   [ring of strength]

   Str:       It affects your strength (+6).
   rC:        It protects you from cold.
   rElec:     It insulates you from electricity.
Wands
 B - a wand of iceblast (4)
Scrolls
 e - 3 scrolls of enchant armour
 k - 3 scrolls of acquirement
 t - a scroll of fog
Potions
 f - a potion of flight


   Skills:
 - Level 3.7 Fighting
 + Level 6.1 Axes
 * Level 2.7 Slings
 - Level 3.5 Dodging
 - Level 4.7 Stealth
 - Level 5.0 Spellcasting


You had 14 spell levels left.
You knew the following spells:

 Your Spells              Type           Power      Damage    Failure   Level
a - Freeze                Ice            12%        1d4       19%         1
b - Static Discharge      Conj/Air       3%         N/A       28%         2

Your spell library contained the following spells:

 Spells                   Type           Power      Damage    Failure   Level
 Animate Skeleton         Necr           6%         N/A       19%         1
 Apportation              Tloc           6%         N/A       19%         1
 Summon Small Mammal      Summ           12%        N/A       19%         1
 Corpse Rot               Necr/Air       6%         N/A       28%         2
 Poisonous Vapours        Pois/Air       6%         N/A       28%         2
 Alistair's Intoxication  Tmut/Pois      2%         N/A       99%         5


Dungeon Overview and Level Annotations

Branches:
Dungeon (6/15)             Temple (1/1) D:4

Altars:
Ashenzari
Cheibriados
Dithmenos
Elyvilon
Fedhas
Gozag
Hepliaklqana
Kikubaaqudgha
Makhleb
Nemelex Xobeh
Okawaru
Qazlal
Trog
Uskayaw
Vehumet
Wu Jian
Xom
Zin
The Shining One

Shops:
D:6 *[(


Innate Abilities, Weirdness & Mutations

You cannot wear most types of armour.
You are amphibious.
You can wear up to eight rings at the same time.
Your skin changes colour to match your surroundings (Stealth+).
Your rubbery body absorbs attacks. (AC +1, EV +1)
((You are camouflaged near water. (Stealth+)))
You have tentacles for arms and can constrict up to eight enemies at once.


Message History

You squeeze the orc priest.
The orc priest is lightly wounded.
You constrict the orc priest.
You feel sick.
The orc priest mumbles some strange prayers to Beogh against you.
You struggle to resist.
The orc priest struggles to escape constriction.
The orc shouts!
You hit the orc priest.
The orc priest is heavily wounded.
You constrict the orc priest.
You feel sick.
The orc priest escapes!
You closely miss the orc priest. You grab the orc priest.
The orc priest is heavily wounded.
You constrict the orc priest.
You feel sick.
The orc priest calls down the wrath of Beogh upon you.
Beogh smites you!
You hit the orc priest.
You kill the orc priest!
Vehumet accepts your kill.
You hit something.
You feel sick.
You closely miss the orc. You grab the orc. You miss something.
You constrict the orc, but do no damage.
You feel sick.
You are no longer poisoned.
Something hits you.
* * * LOW HITPOINT WARNING * * *
The orc barely misses you.
You hear some strange, mumbled words.
A puff of flame appears from out of thin air!
The puff of flame hits you. You resist.
* * * LOW HITPOINT WARNING * * *
As you read the scroll of teleportation, it crumbles to dust.
You feel strangely unstable.
You constrict the orc. The orc hits you with a +0 hand axe.
* * * LOW HITPOINT WARNING * * *
Something hits you.
* * * LOW HITPOINT WARNING * * *
Okay, then.
Okay, then.
You release your grip on the orc.
Something hits you.
You die...

#..# . . ..oo .. ..
#oo# o.. #. #>.#
.... .. ##..#....#
##.#.?...# #
###..∩..# .#
#.......####.#
..####.o)o@..#
##.##{.### ##.....##
##....#.####
##..#..#....#
#......#....#
#.#...##...<#
#....####...#####
#.....#..####......#


You could see 2 orcs.

Vanquished Creatures
  Sigmund (D:5)
  Eustachio (D:6)
  Pargi (D:3)
  2 sky beasts
  A black bear (D:4)
  A jelly (D:6)
  A bullfrog skeleton (D:6)
  An orc priest (D:6)
  A gnoll shaman (D:5)
  Jessica (D:3)
  An orc wizard (D:6)
  A hound zombie (D:5)
  8 gnolls
  3 adders
  A shadow imp (D:5)
  An ufetubus (D:5)
  An adder zombie (D:5)
  2 worms
  4 dart slugs
  5 orcs
  3 endoplasms (D:1)
  2 giant cockroaches
  4 goblins
  5 hobgoblins
  3 quokkas
  2 ball pythons (D:2)
  3 bats
  2 frilled lizards
  4 kobolds
  3 rats
69 creatures vanquished.

Vanquished Creatures (others)
  15 plants (D:3)
15 creatures vanquished.

Grand Total: 84 creatures vanquished

Notes
Turn   | Place    | Note
-------+----------+-------------------------------------------
     0 | D:1      | croobank the Octopode Monk began the quest for the Orb.
     0 | D:1      | Reached XP level 1. HP: 16/16 MP: 1/1
   202 | D:1      | Reached XP level 2. HP: 13/21 MP: 2/2
   814 | D:1      | Identified 3 scrolls of acquirement
   972 | D:2      | Reached XP level 3. HP: 26/26 MP: 3/3
  1811 | D:3      | Noticed Pargi
  1826 | D:3      | Killed Pargi
  1827 | D:3      | Reached skill level 4 in Axes
  1827 | D:3      | Reached XP level 4. HP: 4/33 MP: 4/4
  1827 | D:3      | Reached XP level 5. HP: 4/37 MP: 5/5
  2208 | D:3      | Noticed Jessica
  2217 | D:3      | Killed Jessica
  2915 | D:4      | Acquired the ring of Leaves {rElec rC+ Str+6}
  2935 | D:4      | Found a white marble altar of Elyvilon.
  3362 | D:4      | Noticed a black bear
  3408 | D:4      | Killed a black bear
  3409 | D:4      | Reached XP level 6. HP: 17/43 MP: 5/9
  3603 | D:4      | Found a staircase to the Ecumenical Temple.
  3654 | D:5      | Entered Level 5 of the Dungeon
  3697 | Temple   | Entered the Ecumenical Temple
  3710 | Temple   | Became a worshipper of Vehumet
  3710 | Temple   | Reached * piety under Vehumet
  3710 | Temple   | Offered knowledge of Freeze by Vehumet.
  3710 | Temple   | Reached ** piety under Vehumet
  3713 | Temple   | Learned a level 1 spell: Freeze
  3844 | D:5      | Offered knowledge of Static Discharge by Vehumet.
  3848 | D:5      | Learned a level 2 spell: Static Discharge
  3910 | D:5      | Noticed a sky beast
  3925 | D:5      | Killed a sky beast
  3996 | D:5      | Noticed Sigmund
  4006 | D:5      | Reached XP level 7. HP: 47/47 MP: 12/12
  4015 | D:5      | Killed Sigmund
  4200 | D:5      | Reached skill level 5 in Spellcasting
  4439 | D:6      | Noticed Eustachio
  4439 | D:6      | Found Wetiomp's General Store.
  4463 | D:6      | Found Ygyota's Weapon Shop.
  4509 | D:6      | Reached skill level 5 in Axes
  4509 | D:6      | Reached skill level 1 in Slings
  4594 | D:6      | Killed Eustachio
  4595 | D:6      | Reached XP level 8. HP: 36/54 MP: 15/15
  4607 | D:6      | Reached skill level 6 in Axes
  4629 | D:6      | Bought a +2 buckler of protection for 301 gold pieces
  4629 | D:6      | Bought a scroll of teleportation for 42 gold pieces
  4674 | D:6      | Found Hicsephi's Antique Armour Boutique.
  4694 | D:6      | HP: 1/54 [something (5)]
  4695 | D:6      | Slain by an orc wizard

Illustrated notes

Levels and vault maps discovered:
D:1:      minmay_arrival_checkered_box, layout_basic, minmay_pentomino_q2
D:2:      layout_loops_cross
D:3:      layout_loops_corners, serial_bayou, serial_bayou_pond_c,
          serial_bayou_lagoon_b, serial_bayou_pond_c, serial_bayou_pond_e,
          uniq_pargi, uniq_jessica
D:4:      layout_basic, marbit_many_paths, minmay_temple_entry_enclosed_plants,
          hex_intersection
D:5:      layout_rooms, uniq_sigmund
D:6:      layout_rooms, serial_shops, shop, nicolae_diamond_shop,
          nicolae_shop_advertising_works [nicolae_subvault_shop_adworks], shop,
          chequers_serial_rivers_micro_a, uniq_eustachio
Temple:   mainiacjoe_temple_coin_purse

Skill      XL: |  1  2  3  4  5  6  7  8 |
---------------+-------------------------+-----
Stealth        | 3 4 |  4.7
Axes           | 4 5 6 |  6.1
Spellcasting   | 2 3 5 |  5.0
Slings         | 2 |  2.7
Fighting       | |  3.7
Dodging        | |  3.5

Action                   |  1- 3 |  4- 6 |  7- 9 || total
-------------------------+-------+-------+-------++-------
Melee: Hand axe          |    63 |    57 |    66 ||   186
       Constrict         |    14 |    13 |    19 ||    46
       Tentacles         |    13 |    16 |    17 ||    46
       War axe           |       |       |     8 ||     8
 Fire: Hunting sling     |       |     5 |     6 ||    11
Throw: Dart              |     1 |     3 |    13 ||    17
       Stone             |       |       |     1 ||     1
  Use: Scroll            |     3 |     5 |     8 ||    16
       Potion            |     1 |     1 |     1 ||     3
 Stab: Sleeping          |     8 |     8 |       ||    16
       Distracted        |     1 |       |       ||     1
       Invisible         |       |     2 |     1 ||     3
Armor: Skin              |     2 |     4 |     1 ||     7
Dodge: Dodged            |    44 |    32 |    64 ||   140

Table legend: (Time is in decaauts)
 A = Elapsed time spent in this place.
 B = Non-inter-level travel time spent in this place.
 C = Inter-level travel time spent in this place.
 D = Time resting spent in this place.
 E = Time spent auto-exploring this place.
 F = Levels seen in this place.
 G = Mean time per level.
                   A        B        C        D        E       F      G
               +--------+--------+--------+--------+--------+-----+--------+
         Total |   4716 |   4527 |    189 |    265 |   3248 |   7 |  673.7 |
       Dungeon |   4604 |   4428 |    176 |    265 |   3171 |   6 |  767.3 |
        Temple |    111 |     99 |     12 |      0 |     77 |   1 |  111.0 |
               +--------+--------+--------+--------+--------+-----+--------+

Top non-repeatable levels by time:
     D:3: 1031 daAuts
     D:1: 953 daAuts
     D:4: 878 daAuts
     D:2: 863 daAuts
     D:5: 621 daAuts
     D:6: 257 daAuts
  Temple: 111 daAuts
